Map: Ночной сумрак РВ

Players

GetLucky - Winner!

  • Race: Terran Terran
  • League: Diamond
  • Spawn Location: 5:00

WiNtER

  • Race: Protoss Protoss
  • League: Diamond
  • Spawn Location: 11:00

VOD

Have the link to the VOD?

Description

Time

  • Played on: April 6, 2020, 12:32 p.m.
  • Length: 12:24
Show
View Real Time Build Order
Export as new Build Order

GetLucky Terran - Winner!

Build Orders:  

Get SALT Encoding   

  12  0:01  SCV  
  13  0:13  SCV  
  14  0:17  Supply Depot  
  14  0:26  SCV  
  15  0:39  SCV  
  15  0:40  Barracks  
  16  0:45  Refinery  
  16  0:51  SCV  
  17  1:03  SCV  
  18  1:15  SCV  
  19  1:29  Barracks Reactor, Orbital Command  
  19  1:44  Command Center  
  19  1:54  SCV  
  20  2:04  Supply Depot  
  20  2:06  Bunker  
  20  2:07  Marine  
  21  2:09  Marine  
  21  2:12  SCV  
  23  2:25  SCV, Marine  
  23  2:27  Marine  
  26  2:37  SCV, Barracks  
  27  2:47  Barracks  
  27  2:49  SCV  
  28  2:53  Engineering Bay  
  28  2:58  Refinery  
  28  3:05  Orbital Command  
  28  3:09  SCV  
  28  3:11  Marine  
  30  3:14  Marine  
  31  3:21  SCV  
  31  3:22  Terran Infantry Weapons Level 1  
  32  3:28  Barracks Tech Lab  
  32  3:31  SCV  
  34  3:34  SCV  
  34  3:35  Barracks Tech Lab  
  34  3:38  Marine  
  34  3:39  Marine  
  36  3:43  SCV  
  36  3:46  SCV  
  36  3:48  Stimpack  
  38  3:49  Marine  
  38  3:54  Combat Shield  
  38  3:55  SCV, Marine  
  41  3:58  SCV  
  41  4:01  Supply Depot  
  42  4:07  SCV  
  42  4:09  Ghost Academy, Marine  
  43  4:11  SCV  
  43  4:12  Marine  
  46  4:22  Marine x2  
  49  4:24  SCV x2  
  49  4:25  Supply Depot  
  49  4:27  Marine  
  49  4:30  Marine  
  52  4:36  SCV x2  
  54  4:39  Supply Depot  
  54  4:46  Ghost x2  
  54  4:47  Marine x2  
  54  4:51  SCV  
  54  4:52  SCV  
  62  4:53  Supply Depot  
  62  5:06  SCV x2  
  64  5:07  Command Center  
  64  5:11  Supply Depot  
  64  5:22  SCV x2  
  64  5:27  Marine x4  
  70  5:31  Factory  
  70  5:32  Terran Infantry Armor Level 1  
  70  5:37  SCV  
  70  5:38  SCV  
  72  5:47  Marine x2  
  72  5:49  SCV  
  74  5:50  SCV  
  49  6:11  Marine  
  49  6:12  SCV, Marine x3  
  49  6:13  SCV  
  46  6:29  Marine x2  
  44  6:33  Orbital Command  
  44  6:34  Factory Reactor  
  44  6:35  Marine  
  44  6:36  Starport, Marine  
  44  6:37  SCV  
  44  6:38  SCV  
  47  6:42  Concussive Shells  
  47  6:47  Barracks, Marine x2  
  47  6:49  Barracks  
  49  6:56  SCV  
  49  6:57  SCV, Refinery x2  
  49  6:59  Marauder  
  53  7:03  SCV  
  53  7:05  Marine x2  
  56  7:09  SCV  
  57  7:17  Missile Turret  
  57  7:18  Marauder  
  57  7:21  Marauder  
  61  7:27  SCV x2, Orbital Command  
  63  7:31  Marine  
  63  7:32  Medivac x2  
  63  7:33  Factory Tech Lab  
  63  7:34  Factory Reactor  
  63  7:36  Barracks Tech Lab  
  68  7:37  Barracks Reactor  
  68  7:39  SCV  
  68  7:40  SCV  
  70  7:46  Armory  
  70  7:48  Engineering Bay  
  70  7:51  Marine, Ghost  
  70  7:52  SCV x2  
  75  8:00  SCV  
  75  8:04  SCV x2  
  78  8:06  Medivac x2  
  78  8:07  Marine x2, Marauder  
  86  8:12  SCV  
  86  8:16  SCV x2  
  89  8:21  Marine, Ghost  
  89  8:22  Supply Depot, Marine  
  89  8:25  SCV  
  94  8:28  SCV x2  
  96  8:34  Terran Infantry Weapons Level 2  
  96  8:36  Supply Depot  
  96  8:37  SCV  
  96  8:38  Supply Depot  
  96  8:39  Terran Infantry Armor Level 2  
  96  8:40  SCV  
  98  8:45  Refinery  
  98  8:46  SCV  
  98  8:47  Refinery, Marine  
  98  8:48  Marauder  
  102  8:49  SCV  
  103  8:59  Marine x2, Marauder  
  103  9:01  Supply Depot x2  
  105  9:10  Viking x2  
  109  9:19  Marine, Widow Mine  
  109  9:20  Marauder x2, Marine x2, Widow Mine  
  109  9:22  SCV x2  
  121  9:36  Marine  
  121  9:37  Marine, Marauder  
  121  9:38  Marine  
  117  9:39  Marine  
  117  9:41  Marauder  
  117  9:42  Marauder  
  117  9:43  SCV x2  
  84  9:52  Viking x2  
  124  9:54  Marine  
  123  10:06  Marine  
  123  10:07  Marine x2, Marauder x3  
  108  10:08  Widow Mine x2  
  108  10:12  Marine  
  112  10:21  SCV x2  
  114  10:25  Command Center  
  114  10:27  Terran Ship Weapons Level 1  
  114  10:28  Barracks x2, Marauder  
  116  10:29  SCV  
  116  10:30  Barracks  
  116  10:32  Viking x2  
  116  10:33  SCV x2  
  116  10:34  Marine  
  124  10:41  SCV  
  125  10:45  SCV x2  
  125  10:46  Ghost  
  125  10:47  Marine, Marauder  
  125  10:49  Ghost  
  134  10:56  SCV  
  135  10:57  SCV  
  135  11:01  Marine x3  
  137  11:08  Marauder  
  137  11:10  Marine  
  136  11:16  Marauder  
  136  11:17  Marine  
  136  11:18  SCV x3, Marauder  
  140  11:19  Marine x2  
  140  11:25  Marine  
  140  11:26  Barracks Reactor  
  141  11:33  Marine  
  141  11:35  Marauder  
  141  11:37  Marauder  
  134  11:41  Marine x3, Marauder  
  120  11:56  Marauder  
  118  12:02  Marine  
  118  12:03  Barracks Reactor, Barracks Tech Lab, Marine x2  
  118  12:05  SCV  
  125  12:08  SCV x2  
Show
View Real Time Build Order
Export as new Build Order

WiNtER Protoss 

Build Orders: Colossus Rush 

Get SALT Encoding   

  12  0:01  Probe  
  13  0:13  Probe  
  14  0:18  Pylon  
  14  0:25  Probe (Chrono Boost)  
  15  0:38  Gateway, Probe (Chrono Boost)  
  16  0:43  Probe (Chrono Boost)  
  16  0:46  Assimilator  
  17  0:53  Probe (Chrono Boost)  
  18  1:06  Probe (Chrono Boost)  
  18  1:07  Pylon  
  19  1:14  Probe (Chrono Boost)  
  20  1:20  Probe  
  21  1:26  Cybernetics Core  
  21  1:32  Probe  
  22  1:34  Assimilator  
  22  1:44  Probe  
  23  1:56  Nexus  
  23  2:02  Stalker  
  23  2:05  Warp Gate  
  25  2:09  Probe  
  25  2:14  Pylon  
  26  2:21  Probe (Chrono Boost)  
  27  2:32  Stalker, Probe (Chrono Boost)  
  30  2:38  Probe  
  30  2:44  Robotics Facility  
  31  2:49  Pylon  
  31  2:51  Probe  
  32  3:03  Probe  
  32  3:05  Gateway  
  33  3:14  Gateway  
  33  3:16  Probe (Chrono Boost)  
  35  3:20  Probe (Chrono Boost)  
  35  3:25  Probe (Chrono Boost)  
  36  3:29  Probe (Chrono Boost)  
  36  3:30  Probe (Chrono Boost)  
  36  3:31  Observer  
  39  3:34  Forge  
  39  3:39  Pylon  
  40  3:41  Probe (Chrono Boost)  
  40  3:42  Probe (Chrono Boost)  
  41  3:53  Sentry, Observer  
  41  3:54  Probe (Chrono Boost)  
  46  3:57  Probe (Chrono Boost)  
  46  3:59  Probe (Chrono Boost)  
  46  4:00  Stalker  
  49  4:03  Probe  
  49  4:05  Gateway  
  49  4:09  Assimilator, Probe  
  51  4:13  Protoss Ground Weapons Level 1  
  51  4:16  Photon Cannon  
  51  4:21  Robotics Bay  
  51  4:25  Probe  
  51  4:27  Pylon  
  51  4:28  Observer  
  53  4:33  Stalker  
  53  4:35  Probe  
  56  4:39  Pylon  
  56  4:43  Assimilator  
  56  4:46  Stalker  
  56  4:51  Pylon  
  58  4:57  Stalker x2  
  62  5:03  Immortal (Chrono Boost)  
  66  5:11  Probe  
  67  5:15  Shield Battery  
  67  5:24  Pylon, Probe  
  68  5:29  Sentry  
  68  5:30  Stalker  
  68  5:34  Shield Battery  
  72  5:36  Pylon  
  72  5:42  Colossus (Chrono Boost)  
  72  5:48  Stalker  
  80  5:53  Zealot  
  80  5:54  Zealot x2  
  58  6:12  Sentry  
  58  6:15  Stalker  
  58  6:16  Stalker x2  
  51  6:21  Probe (Chrono Boost)  
  42  6:27  Probe (Chrono Boost)  
  42  6:31  Probe (Chrono Boost)  
  43  6:35  Probe (Chrono Boost)  
  43  6:39  Probe (Chrono Boost)  
  45  6:45  Probe (Chrono Boost)  
  47  6:49  Probe (Chrono Boost)  
  47  6:53  Probe (Chrono Boost)  
  48  6:55  Probe (Chrono Boost)  
  48  6:56  Colossus  
  48  7:00  Probe (Chrono Boost)  
  56  7:07  Sentry  
  56  7:08  Sentry, Probe (Chrono Boost)  
  59  7:10  Probe (Chrono Boost)  
  59  7:15  Probe x2 (Chrono Boost)  
  64  7:26  Probe (Chrono Boost)  
  64  7:27  Probe (Chrono Boost)  
  66  7:32  Protoss Ground Armor Level 1  
  66  7:36  Extended Thermal Lance  
  68  7:37  Probe (Chrono Boost)  
  68  7:38  Probe (Chrono Boost)  
  68  7:43  Probe x2 (Chrono Boost)  
  69  7:47  Gateway  
  70  7:52  Probe, Stalker x2  
  75  8:06  Immortal (Chrono Boost)  
  75  8:09  Pylon  
  75  8:11  Gateway  
  79  8:17  Stalker x2  
  83  8:37  Sentry  
  83  8:38  Stalker  
  83  8:39  Immortal (Chrono Boost)  
  91  8:45  Stalker x2  
  95  9:15  Stalker x4  
  103  9:19  Warp Prism  
  103  9:22  Stalker  
  107  9:29  Pylon  
  105  9:39  Stalker x2  
  105  9:45  Pylon  
  99  10:06  Colossus (Chrono Boost)  
  64  10:18  Nexus  
  60  10:24  Zealot x4  
  68  10:32  Sentry  
  70  10:48  Stalker  
  70  10:49  Sentry, Stalker  
  76  10:52  Immortal (Chrono Boost)  
  80  11:03  Stalker x2  
  82  11:15  Stalker  
  82  11:16  Stalker x2  
  79  11:29  Immortal (Chrono Boost)  
  83  11:34  Stalker x2  
  83  11:39  Zealot  
  77  11:40  Zealot x2  
  59  11:59  Stalker x2  
  51  12:10  Stalker x2  
Tags
 
Add a new tag
Caveats
  • Supply blocks, unpowered buildings, or Contaminate may cause inaccurate times.
  • Supply counts are checked every 10 seconds.